[ AOE2 MATCH · #477345766 ]
UnrankedVietnamese vs Portuguese
[ REPLAY ANALYSIS · EXTRACTED FROM THE RECORDED GAME ]
Feudal
9:59
Castle
23:24
Imperial
40:42
| APM avg | 40.4 |
| APM peak | 63 |
| eAPM avg | 26.0 |
| Villagers / military | 136 / 365 |
Focus
⚔️ 54.2% · 🌾 45.8%
Knight ×227 · Scout Cavalry ×130 · Bombard Cannon ×4 · Spearman ×2 · Trebuchet (Packed) ×2
Feudal
9:03
Castle
22:34
Imperial
46:20
| APM avg | 51.8 |
| APM peak | 98 |
| eAPM avg | 25.3 |
| Villagers / military | 196 / 219 |
Focus
⚔️ 30.7% · 🌾 69.3%
Knight ×169 · Scout Cavalry ×26 · Organ Gun ×17 · Monk ×4 · Trebuchet (Packed) ×3
Feudal
9:16
Castle
26:38
Imperial
—
| APM avg | 57.5 |
| APM peak | 87 |
| eAPM avg | 28.9 |
| Villagers / military | 164 / 195 |
Focus
⚔️ 40.6% · 🌾 59.4%
Archer ×192 · Unknown (2562) ×6 · Skirmisher ×3 · Unknown (2550) ×1
Feudal
9:24
Castle
26:52
Imperial
57:35
| APM avg | 41.6 |
| APM peak | 74 |
| eAPM avg | 21.2 |
| Villagers / military | 138 / 242 |
Focus
⚔️ 48.9% · 🌾 51.1%
Cavalry Archer ×117 · Archer ×93 · Keshik ×14 · Mangonel ×10 · Battering Ram ×3 · Trebuchet (Packed) ×3
Feudal
9:42
Castle
24:15
Imperial
—
| APM avg | 56.9 |
| APM peak | 99 |
| eAPM avg | 24.4 |
| Villagers / military | 133 / 305 |
Focus
⚔️ 45.4% · 🌾 54.6%
Archer ×296 · Mangonel ×6 · Battering Ram ×3
Feudal
8:49
Castle
22:07
Imperial
45:24
| APM avg | 73.1 |
| APM peak | 115 |
| eAPM avg | 34.9 |
| Villagers / military | 260 / 231 |
Focus
⚔️ 41.7% · 🌾 58.3%
Genoese Crossbowman ×120 · Archer ×98 · Mangonel ×5 · Trebuchet (Packed) ×5 · Bombard Cannon ×3
Match map
Initial resources + every placement click. Lines = walls · curves = elevation contours. ◆ gold · ⬟ stone · ● berries · ✦ relic · ◌ wall gap
Your base· Open — 3t gap
|FMG| Nadie's base· Open — unwalled flank
DK | MF's base· Open — unwalled flank
|FMG| twitch/JabsUY's base· ✓ Closed at 26:52 · 19t walls · no gate
Amar mend üü's base· Open — 1t gap
FMG | Rxon's base· Open — unwalled flank
Smoothed initial terrain · ◌ = detected wall gap · hover for details
Inputs per minute
— DK | MadsKillz - - |FMG| Nadie
Build order — DK | MadsKillz
First 150 of 671 actions detected
| 0:00 | Create | Villager (Male) ×4 |
| 0:02 | Build | House |
| 0:03 | Build | House |
| 1:12 | Create | Villager (Male) |
| 1:52 | Research | Loom |
| 2:05 | Build | Lumber Camp |
| 2:10 | Create | Villager (Male) |
| 2:39 | Create | Villager (Male) |
| 3:21 | Create | Villager (Male) |
| 3:45 | Create | Villager (Male) |
| 3:58 | Create | Villager (Male) |
| 4:10 | Build | House |
| 4:24 | Create | Villager (Male) |
| 4:38 | Create | Villager (Male) |
| 4:40 | Build | Mill |
| 5:09 | Create | Villager (Male) |
| 5:38 | Create | Villager (Male) |
| 5:55 | Create | Villager (Male) |
| 6:37 | Create | Villager (Male) |
| 7:06 | Create | Villager (Male) |
| 7:49 | Research | Feudal Age |
| 8:09 | Build | Lumber Camp |
| 8:50 | Create | Villager (Male) |
| 8:51 | Create | Villager (Male) |
| 8:51 | Create | Villager (Male) |
| 9:02 | Build | House |
| 9:37 | Build | Barracks |
| 9:59 | Age | Feudal Age |
| 10:20 | Build | Stable |
| 10:26 | Research | Double-Bit Axe |
| 10:27 | Create | Villager (Male) |
| 10:31 | Build | House |
| 10:35 | Create | Villager (Male) |
| 10:55 | Create | Scout Cavalry |
| 10:56 | Create | Villager (Male) |
| 10:57 | Create | Scout Cavalry |
| 11:02 | Build | House |
| 11:03 | Build | Palisade Wall |
| 11:06 | Create | Spearman |
| 11:11 | Research | Horse Collar |
| 11:23 | Create | Villager (Male) |
| 11:25 | Build | Farm |
| 11:42 | Build | Farm |
| 11:43 | Build | Farm |
| 11:45 | Build | Farm |
| 12:04 | Create | Spearman |
| 12:08 | Build | Farm |
| 12:09 | Build | Farm |
| 12:34 | Build | Palisade Wall |
| 12:42 | Create | Scout Cavalry |
| 12:42 | Create | Villager (Male) |
| 12:55 | Build | Blacksmith |
| 13:09 | Create | Villager (Male) |
| 13:11 | Create | Villager (Male) |
| 13:30 | Create | Scout Cavalry |
| 13:38 | Create | Villager (Male) |
| 13:45 | Create | Villager (Male) |
| 13:51 | Build | Farm |
| 13:52 | Build | Farm |
| 14:03 | Create | Scout Cavalry |
| 14:09 | Build | House |
| 14:14 | Build | Palisade Wall |
| 14:20 | Create | Scout Cavalry |
| 14:20 | Create | Villager (Male) |
| 14:26 | Build | Palisade Wall |
| 14:28 | Build | House |
| 14:38 | Research | Scale Barding Armor |
| 14:42 | Build | Farm |
| 14:44 | Build | Farm |
| 14:45 | Build | Farm |
| 14:58 | Create | Villager (Male) |
| 15:03 | Build | House |
| 15:04 | Build | House |
| 15:17 | Create | Villager (Male) |
| 15:24 | Create | Villager (Male) |
| 15:38 | Create | Villager (Male) |
| 15:43 | Build | Farm |
| 15:53 | Build | Farm |
| 15:55 | Build | Farm |
| 15:56 | Build | Farm |
| 16:09 | Build | House |
| 16:09 | Build | House |
| 16:19 | Research | Forging |
| 16:19 | Create | Villager (Male) |
| 16:21 | Build | Farm |
| 16:29 | Create | Villager (Male) |
| 16:42 | Build | Palisade Wall |
| 16:47 | Build | Palisade Gate |
| 16:50 | Build | Farm |
| 17:06 | Create | Villager (Male) |
| 17:06 | Create | Villager (Male) |
| 17:19 | Build | Mining Camp |
| 17:21 | Create | Villager (Male) |
| 17:30 | Build | Farm |
| 17:30 | Build | Farm |
| 17:45 | Create | Villager (Male) |
| 17:57 | Create | Scout Cavalry |
| 18:06 | Build | House |
| 18:07 | Build | House |
| 18:13 | Build | Palisade Wall |
| 18:13 | Build | Palisade Wall |
| 18:22 | Build | Farm |
| 18:25 | Create | Scout Cavalry |
| 18:43 | Create | Villager (Male) |
| 18:45 | Research | Bloodlines |
| 18:48 | Research | Wheelbarrow |
| 18:57 | Build | Farm |
| 19:37 | Build | Market |
| 19:49 | Create | Villager (Male) |
| 19:52 | Create | Villager (Male) |
| 20:31 | Build | House |
| 20:32 | Build | Palisade Wall |
| 20:44 | Research | Castle Age |
| 21:08 | Build | House |
| 21:29 | Build | House |
| 21:38 | Research | Gold Mining |
| 21:51 | Build | House |
| 22:02 | Build | Stable |
| 22:23 | Create | Villager (Male) |
| 22:24 | Create | Villager (Male) |
| 23:24 | Age | Castle Age |
| 23:26 | Create | Knight |
| 23:27 | Create | Knight |
| 23:28 | Research | Chain Barding Armor |
| 23:43 | Create | Villager (Male) |
| 23:44 | Create | Knight |
| 23:44 | Create | Knight |
| 23:49 | Build | Farm |
| 23:50 | Research | Bow Saw |
| 23:55 | Build | Stable |
| 23:58 | Create | Villager (Male) |
| 24:23 | Create | Knight |
| 24:26 | Research | Husbandry |
| 24:42 | Create | Knight |
| 25:02 | Build | Town Center |
| 25:05 | Create | Knight |
| 25:08 | Create | Knight |
| 25:09 | Create | Villager (Male) |
| 25:20 | Create | Villager (Male) |
| 25:21 | Create | Knight |
| 25:26 | Research | Iron Casting |
| 25:32 | Build | Farm |
| 25:38 | Create | Villager (Male) |
| 25:39 | Create | Knight |
| 25:57 | Build | Town Center |
| 26:11 | Create | Knight |
| 26:15 | Create | Knight |
| 26:16 | Create | Villager (Male) |
| 26:38 | Create | Knight |
| 26:38 | Create | Knight |
Build order — |FMG| Nadie
First 150 of 626 actions detected
| 0:02 | Create | Villager (Male) |
| 0:02 | Create | Villager (Male) |
| 0:02 | Create | Villager (Male) |
| 0:04 | Build | House |
| 0:06 | Build | House |
| 0:22 | Create | Villager (Male) |
| 0:22 | Create | Villager (Male) |
| 1:25 | Create | Villager (Male) |
| 1:56 | Build | Lumber Camp |
| 2:03 | Create | Villager (Male) |
| 2:35 | Create | Villager (Male) |
| 2:36 | Create | Villager (Male) |
| 3:33 | Create | Villager (Male) |
| 3:36 | Create | Villager (Male) |
| 4:00 | Build | House |
| 4:12 | Create | Villager (Male) |
| 4:13 | Create | Villager (Male) |
| 4:27 | Build | Mill |
| 5:01 | Create | Villager (Male) |
| 5:17 | Create | Villager (Male) |
| 5:21 | Create | Villager (Male) |
| 5:31 | Create | Villager (Male) |
| 5:44 | Create | Villager (Male) |
| 6:13 | Create | Villager (Male) |
| 6:34 | Build | House |
| 6:51 | Research | Feudal Age |
| 7:20 | Create | Villager (Male) |
| 7:24 | Build | Barracks |
| 7:53 | Create | Villager (Male) |
| 8:21 | Create | Villager (Male) |
| 8:49 | Create | Villager (Male) |
| 9:03 | Age | Feudal Age |
| 9:05 | Build | Stable |
| 9:06 | Build | House |
| 9:10 | Create | Villager (Male) |
| 9:18 | Research | Loom |
| 9:29 | Research | Double-Bit Axe |
| 9:43 | Create | Villager (Male) |
| 9:48 | Create | Scout Cavalry |
| 10:00 | Create | Villager (Male) |
| 10:10 | Build | Blacksmith |
| 10:11 | Build | House |
| 10:13 | Create | Scout Cavalry |
| 10:16 | Create | Villager (Male) |
| 10:21 | Create | Scout Cavalry |
| 10:22 | Create | Villager (Male) |
| 10:28 | Research | Horse Collar |
| 10:58 | Create | Scout Cavalry |
| 10:59 | Create | Villager (Male) |
| 11:13 | Build | House |
| 11:17 | Research | Scale Barding Armor |
| 11:20 | Build | Palisade Wall |
| 11:24 | Create | Scout Cavalry |
| 11:26 | Build | Farm |
| 11:28 | Build | Farm |
| 11:49 | Build | Farm |
| 11:50 | Build | Farm |
| 11:54 | Create | Villager (Male) |
| 12:00 | Build | Palisade Wall |
| 12:06 | Build | Farm |
| 12:07 | Create | Villager (Male) |
| 12:46 | Create | Scout Cavalry |
| 12:51 | Create | Villager (Male) |
| 13:02 | Build | Farm |
| 13:04 | Build | Farm |
| 13:05 | Build | Farm |
| 13:08 | Build | Farm |
| 13:09 | Build | Farm |
| 13:33 | Create | Villager (Male) |
| 13:35 | Build | Farm |
| 13:36 | Build | Farm |
| 13:39 | Create | Villager (Male) |
| 13:59 | Build | Farm |
| 14:04 | Build | Farm |
| 14:06 | Create | Villager (Male) |
| 14:26 | Create | Villager (Male) |
| 14:32 | Build | Farm |
| 14:39 | Create | Scout Cavalry |
| 15:22 | Create | Scout Cavalry |
| 15:24 | Create | Villager (Male) |
| 15:25 | Build | Farm |
| 15:27 | Build | Farm |
| 15:28 | Build | Farm |
| 15:29 | Create | Villager (Male) |
| 15:35 | Build | Mining Camp |
| 15:37 | Create | Villager (Male) |
| 15:47 | Create | Scout Cavalry |
| 15:53 | Build | Farm |
| 15:55 | Build | Farm |
| 16:03 | Build | House |
| 16:06 | Build | House |
| 16:07 | Build | House |
| 16:09 | Build | House |
| 16:11 | Create | Villager (Male) |
| 16:18 | Create | Villager (Male) |
| 16:30 | Create | Scout Cavalry |
| 16:35 | Research | Wheelbarrow |
| 16:45 | Build | House |
| 16:47 | Build | House |
| 16:54 | Create | Scout Cavalry |
| 17:10 | Create | Scout Cavalry |
| 17:29 | Create | Villager (Male) |
| 17:53 | Create | Villager (Male) |
| 17:57 | Build | Lumber Camp |
| 18:11 | Create | Scout Cavalry |
| 18:23 | Build | Farm |
| 18:25 | Build | Farm |
| 18:30 | Create | Scout Cavalry |
| 19:18 | Create | Villager (Male) |
| 19:23 | Build | Lumber Camp |
| 19:54 | Research | Castle Age |
| 20:09 | Build | Stable |
| 21:01 | Research | Bloodlines |
| 21:05 | Create | Scout Cavalry |
| 21:08 | Create | Scout Cavalry |
| 21:08 | Create | Scout Cavalry |
| 21:22 | Create | Scout Cavalry |
| 21:27 | Research | Forging |
| 21:32 | Create | Scout Cavalry |
| 21:42 | Research | Gold Mining |
| 21:55 | Create | Scout Cavalry |
| 22:11 | Create | Scout Cavalry |
| 22:12 | Create | Scout Cavalry |
| 22:34 | Age | Castle Age |
| 22:37 | Create | Knight |
| 22:38 | Create | Knight |
| 22:53 | Create | Knight |
| 22:55 | Create | Villager (Male) |
| 23:01 | Create | Villager (Male) |
| 23:14 | Build | Town Center |
| 23:23 | Create | Villager (Male) |
| 23:31 | Research | Light Cavalry (upgrade) |
| 23:49 | Build | Town Center |
| 23:53 | Create | Villager (Male) |
| 23:54 | Create | Knight |
| 24:39 | Build | Farm |
| 24:45 | Build | Palisade Wall |
| 24:49 | Create | Knight |
| 24:50 | Create | Knight |
| 24:51 | Create | Villager (Male) |
| 25:03 | Create | Knight |
| 25:14 | Create | Villager (Male) |
| 25:19 | Build | Market |
| 25:24 | Build | Farm |
| 25:24 | Build | Farm |
| 25:25 | Build | Farm |
| 25:25 | Build | Farm |
| 25:25 | Build | Farm |
| 25:25 | Build | Farm |
| 25:26 | Build | Farm |
Build order — DK | MF
First 150 of 517 actions detected
| 0:00 | Create | Villager (Male) |
| 0:02 | Build | House |
| 0:03 | Build | House |
| 0:03 | Create | Villager (Male) |
| 0:04 | Create | Villager (Male) |
| 0:07 | Create | Villager (Male) |
| 1:27 | Create | Villager (Male) |
| 1:59 | Create | Villager (Male) |
| 2:20 | Build | Settlement |
| 2:30 | Create | Villager (Male) |
| 2:31 | Create | Villager (Male) |
| 2:44 | Create | Villager (Male) |
| 3:04 | Create | Villager (Male) |
| 3:32 | Create | Villager (Male) |
| 4:29 | Create | Villager (Male) |
| 4:30 | Create | Villager (Male) |
| 4:35 | Build | House |
| 4:39 | Create | Villager (Male) |
| 4:53 | Create | Villager (Male) |
| 4:53 | Create | Villager (Male) |
| 4:59 | Create | Villager (Male) |
| 5:06 | Build | House |
| 5:22 | Create | Villager (Male) |
| 6:14 | Create | Villager (Male) |
| 6:29 | Build | Barracks |
| 6:31 | Create | Villager (Male) |
| 6:58 | Research | Feudal Age |
| 7:27 | Build | House |
| 7:30 | Build | Palisade Wall |
| 7:57 | Create | Villager (Male) |
| 9:01 | Create | Villager (Male) |
| 9:16 | Age | Feudal Age |
| 9:19 | Build | Archery Range |
| 9:22 | Build | Archery Range |
| 9:25 | Build | Archery Range |
| 9:29 | Create | Villager (Male) |
| 9:42 | Build | Farm |
| 9:44 | Build | Farm |
| 9:47 | Build | Farm |
| 9:48 | Create | Villager (Male) |
| 9:56 | Build | Farm |
| 10:00 | Create | Villager (Male) |
| 10:06 | Create | Archer |
| 10:17 | Create | Archer |
| 10:35 | Create | Archer |
| 10:42 | Create | Villager (Male) |
| 10:43 | Create | Villager (Male) |
| 10:49 | Create | Archer |
| 11:02 | Create | Archer |
| 11:03 | Create | Villager (Male) |
| 11:24 | Create | Archer |
| 11:29 | Build | Farm |
| 11:30 | Create | Villager (Male) |
| 11:52 | Create | Archer |
| 11:58 | Create | Archer |
| 12:00 | Create | Villager (Male) |
| 12:14 | Create | Archer |
| 12:32 | Create | Archer |
| 12:33 | Create | Villager (Male) |
| 12:39 | Build | House |
| 12:41 | Build | Palisade Wall |
| 12:42 | Build | House |
| 13:10 | Build | Blacksmith |
| 13:14 | Create | Archer |
| 13:19 | Create | Villager (Male) |
| 13:19 | Create | Villager (Male) |
| 13:25 | Build | House |
| 13:27 | Build | Palisade Wall |
| 13:52 | Create | Archer |
| 13:59 | Research | Fletching |
| 14:07 | Create | Unit 2550 |
| 14:17 | Build | House |
| 14:19 | Create | Archer |
| 14:19 | Create | Archer |
| 14:25 | Research | Loom |
| 14:39 | Build | Farm |
| 14:43 | Build | Farm |
| 14:48 | Build | Farm |
| 15:20 | Create | Villager (Male) |
| 15:33 | Create | Villager (Male) |
| 15:48 | Create | Archer |
| 15:49 | Create | Archer |
| 15:52 | Build | House |
| 15:56 | Create | Villager (Male) |
| 16:02 | Build | Palisade Wall |
| 16:17 | Create | Archer |
| 16:26 | Create | Archer |
| 16:35 | Create | Villager (Male) |
| 16:37 | Create | Archer |
| 16:45 | Create | Villager (Male) |
| 16:53 | Create | Archer |
| 16:59 | Create | Villager (Male) |
| 17:16 | Create | Archer |
| 17:27 | Create | Archer |
| 17:32 | Build | Settlement |
| 17:50 | Create | Archer |
| 17:55 | Research | Padded Archer Armor |
| 17:56 | Research | Padded Archer Armor |
| 17:57 | Create | Archer |
| 18:06 | Build | Farm |
| 18:12 | Build | Farm |
| 18:26 | Create | Villager (Male) |
| 18:29 | Create | Archer |
| 18:30 | Create | Archer |
| 18:43 | Create | Villager (Male) |
| 18:48 | Build | Farm |
| 18:52 | Build | Farm |
| 18:56 | Create | Archer |
| 19:10 | Create | Villager (Male) |
| 19:14 | Build | Farm |
| 19:17 | Create | Villager (Male) |
| 19:27 | Build | House |
| 19:29 | Create | Archer |
| 19:33 | Create | Archer |
| 19:40 | Create | Villager (Male) |
| 20:01 | Create | Archer |
| 20:02 | Create | Villager (Male) |
| 20:02 | Create | Villager (Male) |
| 20:09 | Create | Archer |
| 20:11 | Build | Farm |
| 20:16 | Build | House |
| 20:17 | Build | House |
| 20:30 | Create | Villager (Male) |
| 20:36 | Create | Villager (Male) |
| 20:39 | Build | Farm |
| 21:07 | Create | Archer |
| 21:07 | Create | Archer |
| 21:11 | Build | House |
| 21:13 | Build | Palisade Wall |
| 21:16 | Build | Palisade Wall |
| 21:41 | Build | Settlement |
| 21:48 | Create | Archer |
| 21:55 | Create | Villager (Male) |
| 21:55 | Create | Villager (Male) |
| 21:56 | Create | Villager (Male) |
| 22:12 | Create | Villager (Male) |
| 22:22 | Create | Villager (Male) |
| 22:22 | Create | Villager (Male) |
| 22:23 | Create | Villager (Male) |
| 22:52 | Create | Archer |
| 23:07 | Create | Archer |
| 23:07 | Create | Archer |
| 23:09 | Create | Archer |
| 23:10 | Create | Villager (Male) |
| 23:10 | Create | Villager (Male) |
| 23:32 | Build | Palisade Wall |
| 23:36 | Build | Archery Range |
| 23:48 | Create | Archer |
| 23:48 | Create | Archer |
| 23:58 | Research | Castle Age |
Build order — |FMG| twitch/JabsUY
First 150 of 528 actions detected
| 0:02 | Create | Villager (Male) |
| 0:02 | Create | Villager (Male) |
| 0:03 | Build | House |
| 0:04 | Build | House |
| 0:06 | Create | Villager (Male) |
| 0:06 | Create | Villager (Male) |
| 0:06 | Create | Villager (Male) |
| 1:26 | Create | Villager (Male) |
| 1:26 | Create | Villager (Male) |
| 1:57 | Create | Villager (Male) |
| 1:58 | Create | Villager (Male) |
| 2:20 | Build | House |
| 2:28 | Create | Villager (Male) |
| 2:28 | Create | Villager (Male) |
| 2:47 | Build | Lumber Camp |
| 2:47 | Create | Villager (Male) |
| 2:48 | Create | Villager (Male) |
| 3:09 | Create | Villager (Male) |
| 3:09 | Create | Villager (Male) |
| 3:09 | Create | Villager (Male) |
| 3:29 | Create | Villager (Male) |
| 3:30 | Create | Villager (Male) |
| 3:56 | Create | Villager (Male) |
| 3:56 | Create | Villager (Male) |
| 4:19 | Create | Villager (Male) |
| 4:19 | Create | Villager (Male) |
| 4:28 | Build | Mill |
| 4:48 | Create | Villager (Male) |
| 4:48 | Create | Villager (Male) |
| 5:07 | Create | Villager (Male) |
| 5:08 | Create | Villager (Male) |
| 5:19 | Create | Villager (Male) |
| 5:19 | Create | Villager (Male) |
| 5:19 | Create | Villager (Male) |
| 6:08 | Research | Loom |
| 7:14 | Research | Feudal Age |
| 7:36 | Build | Mining Camp |
| 8:27 | Build | House |
| 9:01 | Build | Barracks |
| 9:24 | Age | Feudal Age |
| 9:30 | Create | Villager (Male) |
| 9:30 | Create | Villager (Male) |
| 9:42 | Build | Archery Range |
| 9:46 | Create | Villager (Male) |
| 10:26 | Create | Villager (Male) |
| 10:28 | Build | House |
| 10:40 | Build | Archery Range |
| 10:56 | Create | Villager (Male) |
| 11:11 | Create | Archer |
| 11:12 | Create | Archer |
| 11:21 | Create | Archer |
| 11:26 | Build | House |
| 11:28 | Create | Villager (Male) |
| 11:33 | Build | House |
| 11:37 | Create | Archer |
| 11:37 | Create | Archer |
| 11:42 | Build | Palisade Wall |
| 11:49 | Create | Archer |
| 11:51 | Create | Villager (Male) |
| 12:13 | Create | Villager (Male) |
| 12:14 | Create | Archer |
| 12:19 | Build | Palisade Wall |
| 12:23 | Build | Palisade Wall |
| 12:29 | Create | Villager (Male) |
| 12:30 | Create | Archer |
| 12:30 | Create | Archer |
| 12:53 | Build | Blacksmith |
| 12:55 | Create | Villager (Male) |
| 13:33 | Create | Archer |
| 13:33 | Create | Archer |
| 13:36 | Build | House |
| 13:42 | Create | Villager (Male) |
| 13:57 | Research | Fletching |
| 13:59 | Build | House |
| 14:00 | Create | Villager (Male) |
| 14:08 | Create | Villager (Male) |
| 14:11 | Create | Villager (Male) |
| 14:29 | Research | Padded Archer Armor |
| 14:50 | Create | Archer |
| 14:50 | Create | Archer |
| 15:14 | Create | Archer |
| 15:14 | Create | Archer |
| 15:44 | Create | Archer |
| 15:44 | Create | Archer |
| 15:44 | Create | Archer |
| 15:48 | Create | Villager (Male) |
| 15:54 | Build | Watch Tower |
| 15:56 | Create | Archer |
| 15:56 | Create | Archer |
| 15:57 | Create | Villager (Male) |
| 15:59 | Build | House |
| 16:12 | Build | House |
| 16:13 | Build | Palisade Wall |
| 16:26 | Create | Villager (Male) |
| 16:26 | Create | Villager (Male) |
| 16:36 | Create | Villager (Male) |
| 16:37 | Create | Archer |
| 16:37 | Create | Archer |
| 16:43 | Create | Archer |
| 16:47 | Build | Farm |
| 16:47 | Build | Farm |
| 16:47 | Build | Farm |
| 16:48 | Build | Farm |
| 16:48 | Build | Farm |
| 16:48 | Build | Farm |
| 16:48 | Build | Farm |
| 16:50 | Create | Villager (Male) |
| 17:10 | Create | Villager (Male) |
| 17:14 | Build | House |
| 17:17 | Build | Palisade Wall |
| 17:18 | Create | Archer |
| 17:19 | Create | Archer |
| 17:34 | Research | Double-Bit Axe |
| 18:05 | Create | Villager (Male) |
| 18:12 | Build | Archery Range |
| 18:17 | Build | House |
| 18:29 | Create | Archer |
| 18:29 | Create | Archer |
| 18:30 | Create | Archer |
| 18:43 | Build | House |
| 19:00 | Create | Villager (Male) |
| 19:16 | Create | Villager (Male) |
| 19:20 | Create | Archer |
| 19:21 | Create | Archer |
| 19:21 | Create | Archer |
| 19:21 | Create | Archer |
| 19:21 | Create | Archer |
| 19:22 | Create | Villager (Male) |
| 19:27 | Build | House |
| 19:34 | Create | Archer |
| 19:34 | Create | Archer |
| 19:34 | Create | Archer |
| 19:35 | Create | Villager (Male) |
| 19:54 | Build | House |
| 19:56 | Build | House |
| 19:56 | Build | House |
| 20:00 | Create | Archer |
| 20:00 | Create | Archer |
| 20:02 | Create | Villager (Male) |
| 20:05 | Build | House |
| 20:06 | Build | Palisade Wall |
| 20:23 | Create | Archer |
| 20:31 | Build | Farm |
| 20:35 | Build | Farm |
| 20:36 | Build | Farm |
| 20:37 | Build | Farm |
| 20:39 | Create | Archer |
| 20:43 | Create | Archer |
| 20:43 | Create | Archer |
| 21:33 | Create | Villager (Male) |
Build order — Amar mend üü
First 150 of 589 actions detected
| 0:00 | Create | Villager (Male) |
| 0:00 | Create | Villager (Male) |
| 0:01 | Create | Villager (Male) |
| 0:02 | Build | House |
| 0:03 | Build | House |
| 0:14 | Create | Villager (Male) |
| 1:20 | Build | Lumber Camp |
| 1:22 | Create | Villager (Male) |
| 1:22 | Create | Villager (Male) |
| 1:56 | Create | Villager (Male) |
| 2:32 | Create | Villager (Male) |
| 2:32 | Create | Villager (Male) |
| 2:38 | Build | House |
| 2:43 | Build | House |
| 2:53 | Create | Villager (Male) |
| 3:14 | Create | Villager (Male) |
| 3:14 | Create | Villager (Male) |
| 3:33 | Create | Villager (Male) |
| 4:02 | Create | Villager (Male) |
| 4:12 | Create | Villager (Male) |
| 5:00 | Create | Villager (Male) |
| 5:00 | Create | Villager (Male) |
| 5:05 | Create | Villager (Male) |
| 5:10 | Build | House |
| 5:16 | Create | Villager (Male) |
| 6:20 | Build | Mining Camp |
| 6:36 | Create | Villager (Male) |
| 6:53 | Research | Loom |
| 7:29 | Create | Villager (Male) |
| 7:30 | Research | Feudal Age |
| 7:33 | Create | Villager (Male) |
| 7:43 | Build | House |
| 8:13 | Build | Barracks |
| 8:15 | Build | House |
| 8:17 | Build | Palisade Wall |
| 8:20 | Create | Villager (Male) |
| 9:42 | Age | Feudal Age |
| 9:48 | Build | Archery Range |
| 10:09 | Build | House |
| 10:11 | Build | House |
| 10:13 | Create | Villager (Male) |
| 10:22 | Build | Archery Range |
| 10:36 | Research | Double-Bit Axe |
| 10:47 | Create | Archer |
| 10:47 | Create | Archer |
| 10:48 | Create | Villager (Male) |
| 10:58 | Create | Villager (Male) |
| 11:02 | Build | Palisade Wall |
| 11:04 | Create | Archer |
| 11:10 | Build | House |
| 11:12 | Create | Archer |
| 11:12 | Create | Archer |
| 11:23 | Create | Archer |
| 11:36 | Create | Archer |
| 11:43 | Create | Villager (Male) |
| 11:51 | Build | Blacksmith |
| 11:54 | Create | Villager (Male) |
| 11:57 | Create | Villager (Male) |
| 12:06 | Build | House |
| 12:07 | Build | Palisade Wall |
| 12:09 | Create | Archer |
| 12:10 | Create | Villager (Male) |
| 12:18 | Create | Archer |
| 12:18 | Create | Archer |
| 12:29 | Build | Palisade Gate |
| 12:34 | Create | Archer |
| 12:34 | Create | Archer |
| 12:38 | Research | Fletching |
| 12:38 | Research | Fletching |
| 12:47 | Create | Archer |
| 12:48 | Create | Archer |
| 12:56 | Create | Archer |
| 13:04 | Create | Villager (Male) |
| 13:09 | Build | Palisade Wall |
| 13:11 | Create | Villager (Male) |
| 13:16 | Build | Palisade Wall |
| 13:20 | Build | Palisade Wall |
| 13:23 | Create | Archer |
| 13:23 | Create | Archer |
| 13:41 | Build | Outpost |
| 13:46 | Create | Archer |
| 13:46 | Create | Archer |
| 13:50 | Build | Mill |
| 14:06 | Create | Villager (Male) |
| 14:18 | Create | Villager (Male) |
| 14:20 | Build | Farm |
| 14:21 | Build | Farm |
| 14:28 | Create | Archer |
| 14:28 | Create | Archer |
| 14:33 | Create | Archer |
| 14:37 | Build | Farm |
| 14:39 | Build | Farm |
| 14:40 | Build | Farm |
| 14:46 | Create | Archer |
| 15:08 | Create | Archer |
| 15:08 | Create | Archer |
| 15:13 | Create | Archer |
| 15:35 | Create | Archer |
| 15:36 | Create | Archer |
| 15:42 | Create | Villager (Male) |
| 15:44 | Create | Archer |
| 15:44 | Create | Archer |
| 15:51 | Create | Archer |
| 15:56 | Build | Farm |
| 16:09 | Create | Archer |
| 16:09 | Create | Archer |
| 16:11 | Create | Villager (Male) |
| 16:21 | Create | Archer |
| 16:36 | Create | Villager (Male) |
| 16:38 | Create | Archer |
| 16:39 | Create | Archer |
| 16:47 | Create | Villager (Male) |
| 16:53 | Build | Archery Range |
| 17:07 | Research | Padded Archer Armor |
| 17:15 | Create | Archer |
| 17:15 | Create | Archer |
| 17:16 | Create | Villager (Male) |
| 17:19 | Build | Farm |
| 17:28 | Create | Archer |
| 17:28 | Create | Archer |
| 17:43 | Research | Horse Collar |
| 17:46 | Create | Archer |
| 17:46 | Create | Archer |
| 17:54 | Build | Farm |
| 18:01 | Build | House |
| 18:02 | Build | House |
| 18:05 | Create | Villager (Male) |
| 18:21 | Create | Villager (Male) |
| 18:22 | Build | Farm |
| 18:24 | Build | Farm |
| 18:37 | Create | Archer |
| 18:44 | Build | Farm |
| 18:45 | Create | Villager (Male) |
| 19:05 | Create | Archer |
| 19:13 | Create | Archer |
| 19:14 | Create | Archer |
| 19:15 | Create | Villager (Male) |
| 19:16 | Build | Farm |
| 19:27 | Create | Archer |
| 19:36 | Create | Villager (Male) |
| 19:44 | Create | Villager (Male) |
| 19:51 | Create | Archer |
| 19:51 | Create | Archer |
| 20:10 | Build | Lumber Camp |
| 20:11 | Create | Archer |
| 20:12 | Create | Archer |
| 20:17 | Create | Archer |
| 20:17 | Create | Archer |
| 20:21 | Create | Villager (Male) |
| 20:23 | Build | House |
Build order — FMG | Rxon
First 150 of 704 actions detected
| 0:00 | Create | Villager (Male) |
| 0:01 | Create | Villager (Male) |
| 0:01 | Create | Villager (Male) |
| 0:02 | Build | House |
| 0:03 | Build | House |
| 0:08 | Create | Villager (Male) |
| 0:09 | Create | Villager (Male) |
| 1:16 | Create | Villager (Male) |
| 2:02 | Build | Lumber Camp |
| 2:03 | Create | Villager (Male) |
| 2:03 | Create | Villager (Male) |
| 2:05 | Create | Villager (Male) |
| 2:49 | Create | Villager (Male) |
| 3:18 | Create | Villager (Male) |
| 3:18 | Create | Villager (Male) |
| 3:49 | Create | Villager (Male) |
| 4:04 | Build | House |
| 4:08 | Create | Villager (Male) |
| 4:09 | Create | Villager (Male) |
| 4:09 | Create | Villager (Male) |
| 4:33 | Create | Villager (Male) |
| 4:33 | Create | Villager (Male) |
| 4:57 | Create | Villager (Male) |
| 4:58 | Create | Villager (Male) |
| 5:40 | Build | Mining Camp |
| 5:44 | Research | Loom |
| 5:58 | Create | Villager (Male) |
| 6:27 | Research | Feudal Age |
| 7:26 | Build | Barracks |
| 7:58 | Build | House |
| 8:49 | Age | Feudal Age |
| 8:54 | Build | Archery Range |
| 8:57 | Create | Villager (Male) |
| 9:02 | Build | Archery Range |
| 9:16 | Create | Villager (Male) |
| 9:34 | Create | Villager (Male) |
| 9:47 | Build | House |
| 9:49 | Create | Archer |
| 9:59 | Create | Archer |
| 10:00 | Create | Villager (Male) |
| 10:14 | Build | Blacksmith |
| 10:20 | Create | Villager (Male) |
| 10:38 | Create | Archer |
| 10:39 | Create | Villager (Male) |
| 10:49 | Create | Archer |
| 10:53 | Create | Villager (Male) |
| 10:56 | Build | House |
| 11:01 | Research | Fletching |
| 11:01 | Research | Fletching |
| 11:03 | Build | Palisade Wall |
| 11:06 | Create | Archer |
| 11:12 | Create | Villager (Male) |
| 11:20 | Create | Archer |
| 11:30 | Build | House |
| 11:32 | Create | Villager (Male) |
| 11:33 | Create | Archer |
| 11:58 | Create | Archer |
| 11:58 | Create | Archer |
| 11:59 | Create | Villager (Male) |
| 12:01 | Research | Double-Bit Axe |
| 12:01 | Research | Double-Bit Axe |
| 12:04 | Build | Palisade Wall |
| 12:17 | Create | Archer |
| 12:31 | Create | Archer |
| 12:34 | Create | Villager (Male) |
| 12:34 | Create | Villager (Male) |
| 12:47 | Create | Archer |
| 13:01 | Build | Mill |
| 13:04 | Create | Villager (Male) |
| 13:16 | Build | House |
| 13:21 | Create | Archer |
| 13:21 | Create | Archer |
| 13:25 | Create | Villager (Male) |
| 13:57 | Create | Villager (Male) |
| 14:01 | Build | House |
| 14:07 | Build | Farm |
| 14:09 | Build | Farm |
| 14:15 | Create | Archer |
| 14:16 | Create | Villager (Male) |
| 14:34 | Create | Villager (Male) |
| 14:43 | Create | Archer |
| 14:44 | Create | Archer |
| 15:09 | Create | Archer |
| 15:09 | Create | Villager (Male) |
| 15:09 | Create | Villager (Male) |
| 15:41 | Create | Villager (Male) |
| 15:42 | Create | Archer |
| 15:42 | Create | Archer |
| 15:52 | Create | Archer |
| 15:53 | Create | Villager (Male) |
| 15:58 | Build | Farm |
| 15:59 | Build | Farm |
| 16:01 | Build | Farm |
| 16:01 | Create | Villager (Male) |
| 16:04 | Build | Farm |
| 16:07 | Create | Archer |
| 16:15 | Build | Palisade Wall |
| 16:16 | Build | Palisade Wall |
| 16:20 | Create | Villager (Male) |
| 16:43 | Build | Farm |
| 16:45 | Create | Archer |
| 16:45 | Create | Archer |
| 16:47 | Create | Villager (Male) |
| 17:11 | Create | Archer |
| 17:11 | Create | Villager (Male) |
| 17:14 | Build | House |
| 17:15 | Build | Palisade Wall |
| 17:22 | Build | Farm |
| 17:37 | Create | Villager (Male) |
| 17:45 | Build | House |
| 17:45 | Build | House |
| 17:57 | Create | Archer |
| 18:19 | Build | Market |
| 18:33 | Create | Archer |
| 18:35 | Create | Archer |
| 18:39 | Create | Villager (Male) |
| 18:57 | Create | Villager (Male) |
| 19:02 | Build | Palisade Wall |
| 19:11 | Build | Lumber Camp |
| 19:27 | Research | Castle Age |
| 19:27 | Research | Castle Age |
| 19:27 | Research | Castle Age |
| 19:34 | Create | Archer |
| 19:35 | Create | Villager (Male) |
| 19:46 | Build | Lumber Camp |
| 19:55 | Create | Archer |
| 20:01 | Build | Lumber Camp |
| 20:09 | Build | Watch Tower |
| 20:16 | Create | Archer |
| 20:17 | Create | Archer |
| 20:33 | Create | Archer |
| 20:44 | Build | Archery Range |
| 20:49 | Research | Gold Mining |
| 21:11 | Create | Archer |
| 21:11 | Create | Archer |
| 21:31 | Create | Archer |
| 21:31 | Create | Archer |
| 21:37 | Create | Villager (Male) |
| 21:43 | Build | Mining Camp |
| 21:49 | Build | House |
| 21:50 | Build | House |
| 21:52 | Build | House |
| 22:07 | Age | Castle Age |
| 22:09 | Research | Crossbowman (upgrade) |
| 22:09 | Research | Crossbowman (upgrade) |
| 22:33 | Research | Bodkin Arrow |
| 22:33 | Research | Bodkin Arrow |
| 22:34 | Research | Bodkin Arrow |
| 22:34 | Create | Archer |
| 22:34 | Create | Archer |
Match timeline
| 6:29 | DK | MF · first_building Barracks |
| 7:24 | |FMG| Nadie · first_building Barracks |
| 7:26 | FMG | Rxon · first_building Barracks |
| 7:30 | DK | MF · wall_segment Palisade Wall x4 |
| 8:13 | Amar mend üü · first_building Barracks |
| 8:17 | Amar mend üü · wall_segment Palisade Wall x4 |
| 8:49 | FMG | Rxon · age_up feudal |
| 8:54 | FMG | Rxon · first_building Archery Range |
| 9:01 | |FMG| twitch/JabsUY · first_building Barracks |
| 9:03 | |FMG| Nadie · age_up feudal |
| 9:05 | |FMG| Nadie · first_building Stable |
| 9:16 | DK | MF · age_up feudal |
| 9:19 | DK | MF · first_building Archery Range |
| 9:24 | |FMG| twitch/JabsUY · age_up feudal |
| 9:37 | DK | MadsKillz · first_building Barracks |
| 9:42 | Amar mend üü · age_up feudal |
| 9:42 | |FMG| twitch/JabsUY · first_building Archery Range |
| 9:48 | Amar mend üü · first_building Archery Range |
| 9:59 | DK | MadsKillz · age_up feudal |
| 10:20 | DK | MadsKillz · first_building Stable |
| 11:02 | Amar mend üü · wall_segment Palisade Wall x5 |
| 11:03 | FMG | Rxon · wall_segment Palisade Wall x4 |
| 11:03 | DK | MadsKillz · wall_segment Palisade Wall x5 |
| 11:20 | |FMG| Nadie · wall_segment Palisade Wall x7 |
| 11:42 | |FMG| twitch/JabsUY · wall_segment Palisade Wall x3 |
| 12:00 | |FMG| Nadie · wall_segment Palisade Wall x4 |
| 12:04 | FMG | Rxon · wall_segment Palisade Wall x5 |
| 12:07 | Amar mend üü · wall_segment Palisade Wall x1 |
| 12:19 | |FMG| twitch/JabsUY · wall_segment Palisade Wall x1 |
| 12:23 | |FMG| twitch/JabsUY · wall_segment Palisade Wall x1 |
| 12:34 | DK | MadsKillz · wall_segment Palisade Wall x1 |
| 12:41 | DK | MF · wall_segment Palisade Wall x1 |
| 13:09 | Amar mend üü · wall_segment Palisade Wall x5 |
| 13:16 | Amar mend üü · wall_segment Palisade Wall x6 |
| 13:20 | Amar mend üü · wall_segment Palisade Wall x4 |
| 13:27 | DK | MF · wall_segment Palisade Wall x4 |
| 14:14 | DK | MadsKillz · wall_segment Palisade Wall x8 |
| 14:26 | DK | MadsKillz · wall_segment Palisade Wall x8 |
| 16:02 | DK | MF · wall_segment Palisade Wall x2 |
| 16:13 | |FMG| twitch/JabsUY · wall_segment Palisade Wall x1 |
| 16:15 | FMG | Rxon · wall_segment Palisade Wall x3 |
| 16:16 | FMG | Rxon · wall_segment Palisade Wall x2 |
| 16:42 | DK | MadsKillz · wall_segment Palisade Wall x5 |
| 17:15 | FMG | Rxon · wall_segment Palisade Wall x9 |
| 17:17 | |FMG| twitch/JabsUY · wall_segment Palisade Wall x2 |
| 18:13 | DK | MadsKillz · wall_segment Palisade Wall x1 |
| 18:13 | DK | MadsKillz · wall_segment Palisade Wall x1 |
| 19:02 | FMG | Rxon · wall_segment Palisade Wall x1 |
| 19:26 | FMG | Rxon · first_market_buy 100 food |
| 20:06 | |FMG| twitch/JabsUY · wall_segment Palisade Wall x11 |
| 20:32 | DK | MadsKillz · wall_segment Palisade Wall x9 |
| 20:43 | DK | MadsKillz · first_market_buy 100 food |
| 20:43 | DK | MadsKillz · first_market_sell 100 wood |
| 21:13 | DK | MF · wall_segment Palisade Wall x1 |
| 21:16 | DK | MF · wall_segment Palisade Wall x1 |
| 22:07 | FMG | Rxon · age_up castle |
| 22:13 | Amar mend üü · wall_segment Palisade Wall x1 |
| 22:15 | Amar mend üü · wall_segment Palisade Wall x1 |
| 22:30 | FMG | Rxon · first_market_sell 500 wood |
| 22:34 | |FMG| Nadie · age_up castle |
| 23:24 | DK | MadsKillz · age_up castle |
| 23:32 | DK | MF · wall_segment Palisade Wall x1 |
| 23:57 | |FMG| twitch/JabsUY · first_market_buy 100 stone |
| 24:15 | Amar mend üü · age_up castle |
| 24:45 | |FMG| Nadie · wall_segment Palisade Wall x1 |
| 24:53 | Amar mend üü · first_building Siege Workshop |
| 25:20 | DK | MF · wall_segment Palisade Wall x1 |
| 25:35 | FMG | Rxon · wall_segment Palisade Wall x1 |
| 25:57 | Amar mend üü · first_market_sell 100 wood |
| 25:58 | Amar mend üü · first_market_buy 100 food |
| 26:12 | |FMG| Nadie · first_market_buy 100 food |
| 26:38 | DK | MF · age_up castle |
| 26:52 | |FMG| twitch/JabsUY · age_up castle |
| 26:55 | Amar mend üü · wall_segment Palisade Wall x1 |
| 26:57 | |FMG| twitch/JabsUY · first_building Siege Workshop |
| 27:02 | |FMG| twitch/JabsUY · first_market_sell 100 wood |
| 27:06 | DK | MF · first_building Castle |
| 27:09 | Amar mend üü · wall_segment Palisade Wall x1 |
| 27:13 | Amar mend üü · wall_segment Palisade Wall x1 |
| 27:15 | Amar mend üü · wall_segment Palisade Wall x1 |
| 27:44 | |FMG| Nadie · first_market_sell 100 wood |
| 27:53 | Amar mend üü · wall_segment Palisade Wall x1 |
| 27:55 | Amar mend üü · wall_segment Palisade Wall x1 |
| 27:57 | Amar mend üü · wall_segment Palisade Wall x1 |
| 28:15 | FMG | Rxon · first_building Siege Workshop |
| 28:30 | Amar mend üü · wall_segment Palisade Wall x1 |
| 31:19 | Amar mend üü · wall_segment Palisade Wall x6 |
| 31:50 | DK | MadsKillz · wall_segment Palisade Wall x3 |
| 31:54 | DK | MadsKillz · wall_segment Palisade Wall x2 |
| 32:37 | FMG | Rxon · wall_segment Palisade Wall x1 |
| 33:10 | FMG | Rxon · wall_segment Stone Wall x1 |
| 33:11 | FMG | Rxon · wall_segment Stone Wall x1 |
| 33:13 | FMG | Rxon · wall_segment Stone Wall x1 |
| 33:15 | FMG | Rxon · wall_segment Stone Wall x1 |
| 33:15 | |FMG| twitch/JabsUY · first_building Castle |
| 33:17 | FMG | Rxon · wall_segment Stone Wall x1 |
| 34:18 | Amar mend üü · wall_segment Palisade Wall x2 |
| 36:22 | FMG | Rxon · first_building Castle |
| 36:39 | Amar mend üü · wall_segment Palisade Wall x1 |
| 36:49 | DK | MF · first_market_buy 100 wood |
| 36:57 | DK | MadsKillz · first_building Monastery |
| 37:12 | |FMG| twitch/JabsUY · first_building Stable |
| 40:42 | DK | MadsKillz · age_up imperial |
| 40:59 | DK | MadsKillz · first_building Siege Workshop |
| 42:27 | |FMG| Nadie · first_building Monastery |
| 43:02 | |FMG| twitch/JabsUY · wall_segment Palisade Wall x1 |
| 43:08 | |FMG| twitch/JabsUY · wall_segment Palisade Wall x1 |
| 43:20 | |FMG| Nadie · first_building Castle |
| 43:28 | |FMG| twitch/JabsUY · wall_segment Palisade Wall x1 |
| 43:32 | |FMG| twitch/JabsUY · wall_segment Palisade Wall x1 |
| 44:15 | DK | MadsKillz · first_building Castle |
| 45:24 | FMG | Rxon · age_up imperial |
| 45:35 | |FMG| Nadie · wall_segment Stone Wall x1 |
| 45:59 | |FMG| twitch/JabsUY · wall_segment Palisade Wall x1 |
| 46:20 | |FMG| Nadie · age_up imperial |
| 48:20 | DK | MadsKillz · wall_segment Palisade Wall x1 |
| 53:56 | Amar mend üü · first_building Castle |
| 54:22 | DK | MF · tribute_sent a jugador 1 |
| 54:22 | DK | MF · tribute_sent a jugador 3 |
| 54:22 | DK | MF · tribute_sent a jugador 4 |
| 54:22 | DK | MF · tribute_sent a jugador 5 |
| 54:22 | DK | MF · tribute_sent a jugador 6 |
| 55:30 | DK | MF · tribute_sent a jugador 1 |
| 55:30 | DK | MF · tribute_sent a jugador 3 |
| 55:30 | DK | MF · tribute_sent a jugador 4 |
| 55:30 | DK | MF · tribute_sent a jugador 5 |
| 55:30 | DK | MF · tribute_sent a jugador 6 |
| 57:04 | FMG | Rxon · first_building Stable |
| 57:35 | |FMG| twitch/JabsUY · age_up imperial |
| 58:54 | DK | MadsKillz · resign |
[ AI ANALYSIS · 1 CREDIT ]
What really happened in this match?
Wolo.gg analyzes every decision: build order, eco, micro, common mistakes by bracket. Personalized analysis on WhatsApp or Discord in 30 seconds.
Civ guide
Vietnamese
Perfil
Jugador #1710792